 Dungeon Crawl Stone Soup version 0.31-b1-17-gcfd88c8481 (webtiles) character file.

Game seed: 2789663302907925196

1738 PaiMei the Scholar of Death (level 8, -4/61 HPs)
             Began as a Demonspawn Necromancer on Jan 15, 2024.
             Was a Follower of Kikubaaqudgha.
             Slain by a killer bee (7 damage)
             ... on level 6 of the Dungeon.
             The game lasted 00:10:35 (7667 turns).

PaiMei the Scholar of Death (DsNe)                  Turns: 7667, Time: 00:10:36

Health: -4/61      AC:  3    Str:  8    XL:     8   Next: 77%
Magic:  25/25      EV: 15    Int: 19    God:    Kikubaaqudgha [*.....]
Gold:   264        SH:  5    Dex: 20    Spells: 10/18 levels left

rFire   + . .        a - +1 short sword of Veattod {freeze, Will- MP+9 Dex+7 Stlth+}
rCold   . . .        (no shield)
rNeg    . . .        D - +0 robe
rPois   .            x - +0 helmet
rElec   .            (no cloak)
rCorr   .            (gloves unavailable)
SInv    +            (no boots)
Will    .....        z - amulet of reflection
Stlth   ++++         l - ring of protection from fire
HPRegen 0.30/turn    t - ring of see invisible
MPRegen 0.19/turn

%: reflection
@: lethally poisoned (-4 -> -13)
A: powered by death 1, demonic magic 2, demonic touch 3
a: Renounce Religion, Unearth Wretches


You were on level 6 of the Dungeon.
You worshipped Kikubaaqudgha.
Kikubaaqudgha was aware of your devotion.
You visited 2 branches of the dungeon, and saw 8 of its levels.
You also visited: Sewer.

You collected 264 gold pieces.

Inventory:

Hand Weapons
 a - the +1 short sword of Veattod (weapon) {freeze, Will- MP+9 Dex+7 Stlth+}
   (You found it on level 5 of the Dungeon)

   Dex+7:     It affects your dexterity (+7).
   Will-:     It decreases your willpower.
   MP+9:      It affects your magic capacity (+9).
   Stlth+:    It makes you more stealthy.
 b - a +5 heavy shortbow
Missiles
 f - 9 poisoned darts (quivered)
 v - a throwing net
Armour
 x - a +0 helmet (worn)
 D - a +0 robe (worn)
Magical Staves
 y - a staff of death
Jewellery
 l - a ring of protection from fire (left hand)
 t - a ring of see invisible (right hand)
 z - an amulet of reflection (around neck)
 C - a ring of positive energy
 E - a ring of protection from cold
Wands
 F - a wand of charming (4)
Scrolls
 c - a scroll of silence {unknown}
 e - a scroll of blinking {unknown}
 h - a scroll of fear {unknown}
 q - 4 scrolls of teleportation {unknown}
 r - 2 scrolls of poison {unknown}
 s - 2 scrolls of identify {unknown}
 A - 2 scrolls of immolation {unknown}
 G - a scroll of enchant weapon {unknown}
Potions
 d - 2 potions of lignification {unknown}
 i - a potion of ambrosia {unknown}
 j - 3 potions of heal wounds {unknown}
 k - 3 potions of curing {unknown}
 m - 2 potions of haste {unknown}
 n - a potion of resistance {unknown}
 o - 2 potions of berserk rage {unknown}
 p - a potion of experience {unknown}
 w - 2 potions of mutation {unknown}
 B - a potion of degeneration {unknown}
 H - a potion of magic


   Skills:
 + Level 4.8 Fighting
 + Level 5.4 Dodging
 - Level 3.0 Stealth
 + Level 5.5 Spellcasting
 + Level 7.5 Necromancy


You had 10 spell levels left.
You knew the following spells:

 Your Spells              Type           Power      Damage    Failure   Level
a - Necrotise             Necr           100%       1d9       1%          1
b - Vampiric Draining     Necr           34%        2d8       1%          3
c - Animate Dead          Necr           34%        N/A       5%          4

Your spell library contained the following spells:

 Spells                   Type           Power      Damage    Failure   Level
 Fugue of the Fallen      Necr           34%        N/A       1%          3
 Kiss of Death            Conj/Necr      76%        2d11      2%          1
 Cigotuvi's Dreadful Rot  Necr/Alch/Air  28%        N/A       6%          2
 Magic Dart               Conj           20%        1d4       12%         1
 Curse of Agony           Necr           34%        N/A       14%         5
 Blink                    Tloc           10%        N/A       19%         2
 Call Imp                 Summ           10%        N/A       19%         2
 Jinxbite                 Hex            10%        N/A       19%         2
 Yara's Violent Unravell  Hex/Alch       2%         3d3       97%         5
 Enfeeble                 Hex            2%         N/A       100%        7


Dungeon Overview and Level Annotations

Branches:
Dungeon (7/15)             Temple (1/1) D:5           Sewer (visited)

Altars:
Ashenzari
Cheibriados
Dithmenos
Gozag
Hepliaklqana
Kikubaaqudgha
Makhleb
Qazlal
Ru
Sif Muna
Trog
Uskayaw
Vehumet
Wu Jian
Xom
Yredelemnul

Shops:
D:6 [

Annotations:
D:2 1 runed translucent door, Crazy Yiuf
D:5 Blork the orc
D:6 exclusion: statue


Innate Abilities, Weirdness & Mutations

You regenerate a little health from kills.
Spells you cast may paralyse nearby enemies.
Your touch may irresistibly damage your foes and sap their willpower.


Message History

You are no longer poisoned.
You start resting.
Magic restored.
You start resting.
HP restored.
You climb downwards.
You block the killer bee's attack. The killer bee misses you.
The killer bee closely misses you.
The sky beast hits you but does no damage.
The killer bee completely misses you. The killer bee closely misses you.
There is a stone staircase leading up here.
You block the killer bee's attack.
The killer bee stings you but does no damage.
The sky beast hits you. The sky beast shocks you. The killer bee stings you.
You are poisoned.
The killer bee poisons you! The killer bee stings you.
You are more poisoned.
The killer bee poisons you!
The ufetubus shouts!
You climb upwards.
Level annotation: exclusion: statue You feel very sick.
There is a stone staircase leading down, spattered with blood here.
You feel sick. The killer bee closely misses you. x2
The sky beast attacks as it pursues you!
The sky beast hits you. The sky beast shocks you. The killer bee stings you.
You are more poisoned.
The killer bee poisons you! You block the killer bee's attack.
You feel very sick. The killer bee barely misses you.
You block the killer bee's attack. The killer bee stings you!
* * * LOW HITPOINT WARNING * * *
You feel very sick.
The killer bee attacks as it pursues you!
The killer bee stings you.
* * * LOW HITPOINT WARNING * * *
The killer bee stings you.
* * * LOW HITPOINT WARNING * * *
The killer bee stings you!
You die...
Kikubaaqudgha rasps: "You have failed me!
Welcome... death!"

##### #####.†.#
###########.....#.###
#.>.........#...#...#######
#######.########@.#.#####........
........# #yy#...#...#######
######..# #Y.###.#.###...... #..#
#>†........#.#####
#..########†.###.......#
#.................##.###
#............#.#..##.#
#######.####..##.#.##..##.#
.........###..##.#.##..##.#


You could see a sky beast and 2 killer bees.

Vanquished Creatures
  Prince Ribbit (D:5)
  A water moccasin (D:6)
  A black bear (D:5)
  A centaur (D:6)
  2 phantoms
  3 bullfrogs
  A kobold brigand (D:6)
  A wight (D:6)
  2 killer bees (D:6)
  2 hounds
  2 bombardier beetles
  3 jellies
  4 iguanas
  A sleepcap (D:4)
  An orc wizard (D:3)
  8 gnolls
  15 adders
  A river rat (D:6)
  A shadow imp (D:5)
  A white imp (D:6)
  11 dart slugs
  7 orcs
  9 endoplasms
  10 giant cockroaches
  11 goblins
  7 hobgoblins
  A jackal (D:1)
  3 quokkas
  11 ball pythons
  3 bats
  9 frilled lizards
  6 kobolds
  5 rats
145 creatures vanquished.

Vanquished Creatures (collateral kills)
  3 dart slugs
  An endoplasm (D:4)
  4 giant cockroaches (Sewer)
  A ball python (D:4)
  A bat (D:1)
  A frilled lizard (Sewer)
11 creatures vanquished.

Grand Total: 156 creatures vanquished

Notes
Turn   | Place    | Note
-------+----------+-------------------------------------------
     0 | D:1      | PaiMei the Demonspawn Necromancer began the quest for the
                  | Orb.
     0 | D:1      | Reached XP level 1. HP: 13/13 MP: 3/3
   206 | D:1      | Gained mutation: Your touch may inflict minor irresistible
                  | damage on your foes. [demonic ancestry]
   206 | D:1      | Reached XP level 2. HP: 19/19 MP: 1/5
   771 | D:1      | Gained mutation: Your touch may inflict irresistible damage
                  | on your foes. [demonic ancestry]
   771 | D:1      | Reached XP level 3. HP: 19/24 MP: 0/6
   775 | D:1      | Learned a level 3 spell: Vampiric Draining
  1360 | D:2      | Found a runed translucent door.
  1361 | D:2      | Noticed Crazy Yiuf
  1686 | D:2      | Found a faded altar of an unknown god.
  2193 | D:3      | Reached XP level 4. HP: 30/30 MP: 2/8
  2531 | D:3      | Reached skill level 5 in Necromancy
  2594 | D:3      | Gained mutation: Spells you cast may paralyse adjacent
                  | enemies. [demonic ancestry]
  2594 | D:3      | Reached XP level 5. HP: 25/35 MP: 0/9
  3156 | D:3      | Learned a level 4 spell: Animate Dead
  3272 | D:4      | Found a basalt altar of Yredelemnul.
  3735 | D:4      | Reached skill level 1 in Fighting
  3930 | D:4      | Gained mutation: Your touch may irresistibly damage your
                  | foes and sap their willpower. [demonic ancestry]
  3930 | D:4      | Reached XP level 6. HP: 41/43 MP: 4/11
  4054 | D:4      | Found a stormy altar of Qazlal.
  4556 | D:4      | Found a hide-covered altar of Uskayaw.
  4597 | D:5      | Entered Level 5 of the Dungeon
  4676 | D:5      | Noticed Prince Ribbit
  4684 | D:5      | Killed Prince Ribbit
  4806 | D:5      | Identified the +1 short sword of Veattod {freeze, Will-
                  | MP+9 Dex+7 Stlth+}
  4884 | D:5      | Gained mutation: Spells you cast may paralyse nearby
                  | enemies. [demonic ancestry]
  4884 | D:5      | Reached XP level 7. HP: 51/51 MP: 12/12
  4954 | D:5      | Reached skill level 6 in Necromancy
  5330 | D:5      | Found a staircase to the Ecumenical Temple.
  5331 | D:5      | Noticed Blork the orc
  5595 | Temple   | Entered the Ecumenical Temple
  5616 | Temple   | Became a worshipper of Kikubaaqudgha
  5796 | D:6      | Found Diod's Armour Boutique.
  5995 | D:6      | Gained mutation: You regenerate a little health from kills.
                  | [demonic ancestry]
  5995 | D:6      | Reached XP level 8. HP: 45/59 MP: 14/14
  6081 | D:6      | Found a glowing drain.
  6099 | Sewer    | Entered a sewer
  6251 | Sewer    | Reached * piety under Kikubaaqudgha
  6251 | Sewer    | Received a gift from Kikubaaqudgha
  6375 | Sewer    | Reached skill level 7 in Necromancy
  6680 | Sewer    | Reached skill level 5 in Spellcasting
  6827 | D:6      | Reached skill level 5 in Dodging
  7226 | D:6      | Found a radiant altar of Vehumet.
  7667 | D:6      | HP: 3/61 [killer bee (5)]
  7667 | D:6      | Slain by a killer bee

Illustrated notes

Levels and vault maps discovered:
D:1:      mainiacjoe_arrival_oval_in_oval, layout_basic, nrook_loot_triangle,
          minmay_misc_feat_plants, minmay_misc_feat_encased
D:2:      layout_loops_ring, shapermc_ecumenical_altar_petra,
          grunt_decor_one_mirror, uniq_crazy_yiuf_cottage
D:3:      layout_basic
D:4:      layout_loops_ring, mainiacjoe_overflow_chevrons, kennysheep_mini,
          lemuel_doored_altar, minmay_misc_feat_iff, nicolae_zig_zag_zippers
D:5:      layout_loops_ring, temple_doors_e, nicolae_titane, uniq_blork_the_orc,
          uniq_prince_ribbit1
D:6:      layout_loops_ring, vehumet_statue, portal_sewer_entry_a, serial_shops,
          nicolae_shop_real_fake_doors
D:7:      layout_basic, grunt_ministairs_2, minmay_diced_spiral
Temple:   nicolae_temple_bog_church

Skill      XL: |  1  2  3  4  5  6  7  8 |
---------------+-------------------------+-----
Dodging        | 2 3 4 5 |  5.4
Stealth        | 2 3 |  3.0
Necromancy     | 5 6 7 |  7.5
Spellcasting   | 3 4 5 |  5.5
Fighting       | 1 2 3 4 |  4.8

Action                     |  1- 3 |  4- 6 |  7- 9 || total
---------------------------+-------+-------+-------++-------
  Melee: Unarmed           |     4 |       |       ||     4
         Dagger            |     3 |     6 |       ||     9
         Touch             |       |     2 |    11 ||    13
         Short sword       |       |    10 |    38 ||    48
   Cast: Necrotise         |    83 |    87 |   109 ||   279
         Vampiric Draining |       |     6 |    24 ||    30
   Stab: Paralysed         |       |     6 |     4 ||    10
         Sleeping          |       |     1 |     2 ||     3
 Armour: Robe              |    16 |    21 |    53 ||    90
  Dodge: Dodged            |    11 |    17 |    69 ||    97
  Block: Other             |       |     3 |    18 ||    21
         Reflection        |       |       |     2 ||     2
